[Event "SVK Extraliga 2019-20"]
[Site "Slovakia"]
[Date "2019.11.24"]
[Round "4.2"]
[White "Mihok, Oliver"]
[Black "Motuz, Karol"]
[Result "1-0"]
[ECO "C83"]
[WhiteElo "2559"]
[BlackElo "2365"]
[Annotator "ChessBase"]
[PlyCount "55"]
[EventDate "2019.10.19"]
[EventType "team-tourn"]
[EventCountry "SVK"]
[SourceTitle "playchess.com"]
[Source "ChessBase"]
[SourceQuality "1"]
[WhiteTeam "Podhajska"]
[BlackTeam "Dubnica"]
[TimeControl "40/5400+30:1800+30"]

1. e4 e5 2. Nf3 Nc6 3. Bb5 a6 4. Ba4 Nf6 5. O-O Nxe4 6. d4 b5 7. Bb3 d5 8. dxe5 Be6 9. Be3 Be7 10. c3 Nc5 11. Nbd2 Nd3 12. Qb1 Ndxe5 13. Nxe5 Nxe5 14. Bd4 Ng6 15. f4 c5 16. Bxg7 Rg8 17. Bh6 Nh4 18. Rf2 Nf5 19. Bg5 Bxg5 20. fxg5 Qxg5 21. Nf3 Qg7 22. Bxd5 Rd8 23. Bxe6 fxe6 24. Qe4 Qd7 25. Re1 Qd5 26. Qf4 h5 27. Ng5 Rd6 28. Ne4 1-0

[Event "SVK Extraliga 2019-20"]
[Site "Slovakia"]
[Date "2019.11.24"]
[Round "4.2"]
[White "Vetoshko, Volodymyr"]
[Black "Kociscak, Jiri"]
[Result "1/2-1/2"]
[ECO "C88"]
[WhiteElo "2497"]
[BlackElo "2510"]
[Annotator "ChessBase"]
[PlyCount "53"]
[EventDate "2019.10.19"]
[EventType "team-tourn"]
[EventCountry "SVK"]
[SourceTitle "playchess.com"]
[Source "ChessBase"]
[SourceQuality "1"]
[WhiteTeam "Košice"]
[BlackTeam "Zilina"]
[TimeControl "40/5400+30:1800+30"]

1. e4 e5 2. Nf3 Nc6 3. Bb5 a6 4. Ba4 Nf6 5. O-O Be7 6. Re1 b5 7. Bb3 O-O 8. a4 b4 9. d4 d6 10. dxe5 dxe5 11. Nbd2 Bc5 12. Qe2 Qe7 13. Bd5 Nxd5 14. exd5 Nd4 15. Nxd4 Bxd4 16. Nb3 Qd6 17. Nxd4 exd4 18. Qc4 Bb7 19. Qxd4 Qxd5 20. Qxd5 Bxd5 21. Bf4 Rac8 22. f3 h6 23. Kf2 Be6 24. Re5 c5 25. Rd1 Rc6 26. a5 Rfc8 27. Re2 1/2-1/2

[Event "SVK Extraliga 2019-20"]
[Site "Slovakia"]
[Date "2019.11.24"]
[Round "4.2"]
[White "Malinovsky, Karel"]
[Black "Haring, Filip"]
[Result "0-1"]
[ECO "B32"]
[WhiteElo "2472"]
[BlackElo "2298"]
[Annotator "ChessBase"]
[PlyCount "132"]
[EventDate "2019.10.19"]
[EventType "team-tourn"]
[EventCountry "SVK"]
[SourceTitle "playchess.com"]
[Source "ChessBase"]
[SourceQuality "1"]
[WhiteTeam "Liptovska"]
[BlackTeam "Liptovska"]
[TimeControl "40/5400+30:1800+30"]

1. e4 c5 2. Nf3 Nc6 3. d4 cxd4 4. Nxd4 e5 5. Nb5 d6 6. c4 Be7 7. N1c3 a6 8. Na3 f5 9. exf5 Bxf5 10. Nc2 Nf6 11. Ne3 Be6 12. g3 O-O 13. Bg2 Qd7 14. O-O Bd8 15. Ncd5 Ne7 16. b3 Nexd5 17. Nxd5 Nxd5 18. Bxd5 Bb6 19. Qg4 Rae8 20. Be3 Bxe3 21. fxe3 Rxf1+ 22. Rxf1 Qe7 23. Qe4 b6 24. Bxe6+ Qxe6 25. Qc6 b5 26. cxb5 axb5 27. Qxb5 d5 28. Rc1 Rf8 29. Qd3 e4 30. Qd2 Qf7 31. Qe2 Qa7 32. Rf1 Rd8 33. Rd1 Qc5 34. Qd2 h5 35. Qd4 Qc2 36. Rd2 Qb1+ 37. Kg2 Qe1 38. Rf2 h4 39. gxh4 Rd6 40. h5 Qc1 41. Qa7 Kh7 42. Qd4 Qc8 43. Qe5 Qg4+ 44. Qg3 Qd7 45. h3 Qe7 46. Kh2 Re6 47. Rd2 Ra6 48. h4 Qf7 49. Rg2 Qe7 50. Qg5 Rf6 51. a4 Qc7+ 52. Qg3 Qd7 53. Rf2 Rb6 54. a5 Rh6 55. Qe5 Qb7 56. Qf5+ Kh8 57. Rc2 Rc6 58. Qf8+ Kh7 59. Qf5+ Kh8 60. Rg2 Qc7+ 61. Kh3 Rf6 62. Qxd5 Rf3+ 63. Kg4 Qc8+ 64. Kg5 Qe8 65. h6 gxh6+ 66. Kxh6 Rf6+ 0-1

[Event "SVK Extraliga 2019-20"]
[Site "Slovakia"]
[Date "2019.11.24"]
[Round "4.2"]
[White "Rigo, Zsolt"]
[Black "Michalik, Peter"]
[Result "1/2-1/2"]
[ECO "B47"]
[WhiteElo "2396"]
[BlackElo "2592"]
[Annotator "ChessBase"]
[PlyCount "55"]
[EventDate "2019.10.19"]
[EventType "team-tourn"]
[EventCountry "SVK"]
[SourceTitle "playchess.com"]
[Source "ChessBase"]
[SourceQuality "1"]
[WhiteTeam "Streda"]
[BlackTeam "Modra"]
[TimeControl "40/5400+30:1800+30"]

1. e4 c5 2. Nf3 Nc6 3. d4 cxd4 4. Nxd4 e6 5. Nc3 Qc7 6. Be2 Nf6 7. O-O Be7 8. Be3 O-O 9. f4 d6 10. Qe1 Nxd4 11. Bxd4 e5 12. Be3 exf4 13. Bxf4 Be6 14. Qg3 Rac8 15. Kh1 Ne8 16. Bd3 Qb6 17. Nd5 Bxd5 18. exd5 Qd8 19. Be3 b6 20. Rae1 g6 21. Bh6 Ng7 22. Qf4 f5 23. Bxg7 Kxg7 24. Re6 Rf6 25. Rfe1 Rxe6 26. Rxe6 Qc7 27. c3 Rf8 28. Qc4 1/2-1/2

[Event "SVK Extraliga 2019-20"]
[Site "Slovakia"]
[Date "2019.11.24"]
[Round "4.2"]
[White "Macko, Miroslav"]
[Black "Zilka, Stepan"]
[Result "1/2-1/2"]
[ECO "D45"]
[WhiteElo "2303"]
[BlackElo "2551"]
[Annotator "ChessBase"]
[PlyCount "107"]
[EventDate "2019.10.19"]
[EventType "team-tourn"]
[EventCountry "SVK"]
[SourceTitle "playchess.com"]
[Source "ChessBase"]
[SourceQuality "1"]
[WhiteTeam "Bratislava"]
[BlackTeam "Prakovce"]
[TimeControl "40/5400+30:1800+30"]

1. d4 d5 2. c4 e6 3. Nf3 Nf6 4. Nc3 c6 5. e3 Nbd7 6. Qc2 Bd6 7. b3 O-O 8. Bb2 Qe7 9. Be2 b6 10. O-O Bb7 11. e4 Nxe4 12. Nxe4 dxe4 13. Qxe4 f5 14. Qc2 c5 15. Rad1 cxd4 16. Nxd4 Rf6 17. Bf3 Bxh2+ 18. Kxh2 Rh6+ 19. Kg1 Qh4 20. Bh5 Rxh5 21. f3 Nf6 22. Qe2 Re8 23. Nb5 Qh2+ 24. Kf2 Rg5 25. Rg1 Qh4+ 26. Ke3 e5 27. Kd2 e4 28. Bxf6 gxf6 29. Kc2 Bc6 30. Nd6 exf3 31. Qd3 Rxg2+ 32. Kc3 Qh2 33. Nxe8 Qe5+ 34. Qd4 Bxe8 35. Rge1 Re2 36. Rxe2 fxe2 37. Rg1+ Kf8 38. Qxe5 fxe5 39. Kd2 Bh5 40. Rh1 Bg6 41. Kxe2 Ke7 42. b4 f4 43. c5 bxc5 44. bxc5 h5 45. Rg1 Be8 46. Rg7+ Ke6 47. Rxa7 Bb5+ 48. Kf3 Bc6+ 49. Kf2 e4 50. Rh7 Kd5 51. Rxh5+ Kd4 52. Rh6 e3+ 53. Ke1 Kxc5 54. Rf6 1/2-1/2

[Event "SVK Extraliga 2019-20"]
[Site "Slovakia"]
[Date "2019.11.24"]
[Round "4.2"]
[White "Haring, Filip"]
[Black "Malinovsky, Karel"]
[Result "*"]
[ECO "B32"]
[WhiteElo "2298"]
[BlackElo "2472"]
[Annotator "ChessBase"]
[PlyCount "26"]
[EventDate "2019.10.19"]
[EventType "team-tourn"]
[EventCountry "SVK"]
[SourceTitle "playchess.com"]
[Source "ChessBase"]
[SourceQuality "1"]
[WhiteTeam "Liptovska"]
[TimeControl "40/5400+30:1800+30"]

1. e4 c5 2. Nf3 Nc6 3. d4 cxd4 4. Nxd4 e5 5. Nb5 d6 6. c4 Be7 7. N1c3 a6 8. Na3 f5 9. exf5 Bxf5 10. Nc2 Nf6 11. Ne3 Be6 12. g3 O-O 13. Bg2 Qd7 *

[Event "SVK Extraliga 2019-20"]
[Site "Slovakia"]
[Date "2019.11.24"]
[Round "4.3"]
[White "Bernasek, Jan"]
[Black "Nayhebaver, Martin"]
[Result "1-0"]
[ECO "E39"]
[WhiteElo "2490"]
[BlackElo "2471"]
[Annotator "ChessBase"]
[PlyCount "73"]
[EventDate "2019.10.19"]
[EventType "team-tourn"]
[EventCountry "SVK"]
[SourceTitle "playchess.com"]
[Source "ChessBase"]
[SourceQuality "1"]
[WhiteTeam "Košice"]
[BlackTeam "Zilina"]
[TimeControl "40/5400+30:1800+30"]

1. d4 Nf6 2. c4 e6 3. Nc3 Bb4 4. Qc2 c5 5. dxc5 O-O 6. Nf3 Na6 7. g3 Nxc5 8. Bg2 b6 9. O-O Bb7 10. Rd1 Nce4 11. Nxe4 Bxe4 12. Qa4 Be7 13. Bf4 Qc8 14. Ne5 Bxg2 15. Kxg2 Rd8 16. Bg5 h6 17. Bxf6 Bxf6 18. Nxd7 Bxb2 19. Rab1 Bc3 20. Rb3 Be5 21. Rbd3 Qb7+ 22. f3 Bc7 23. h4 Rdc8 24. h5 a6 25. Rd4 b5 26. Qb4 e5 27. Nf6+ Kh8 28. Rd7 Qc6 29. Rxf7 Qxc4 30. Rxg7 Kxg7 31. Rd7+ Qf7 32. Rxf7+ Kxf7 33. Ng4 Rh8 34. Qe4 Ke6 35. f4 Rag8 36. Qc6+ Bd6 37. fxe5 {[%emt 0:00:10] Kd5} 1-0

[Event "SVK Extraliga 2019-20"]
[Site "Slovakia"]
[Date "2019.11.24"]
[Round "4.3"]
[White "Pacher, Milan"]
[Black "Hrabusa, Matej"]
[Result "*"]
[ECO "C67"]
[WhiteElo "2442"]
[BlackElo "2360"]
[Annotator "NA"]
[PlyCount "30"]
[EventDate "2019.10.19"]
[EventType "team-tourn"]
[EventCountry "SVK"]
[SourceTitle "playchess.com"]
[Source "ChessBase"]
[SourceQuality "1"]
[WhiteTeam "Slovan"]
[BlackTeam "Liptovska"]
[TimeControl "40/5400+30:1800+30"]

1. e4 e5 2. Nf3 Nc6 3. Bb5 Nf6 4. O-O Nxe4 5. Re1 Nd6 6. Nxe5 Be7 7. Bf1 Nxe5 8. Rxe5 O-O 9. d4 Bf6 10. Re1 Re8 11. Bf4 Rxe1 12. Qxe1 Ne8 13. Nc3 Bxd4 14. Nd5 d6 15. Bg5 f6 *

[Event "SVK Extraliga 2019-20"]
[Site "Slovakia"]
[Date "2019.11.24"]
[Round "4.3"]
[White "Vykouk, Jan"]
[Black "Bagi, Mate"]
[Result "1/2-1/2"]
[ECO "C55"]
[WhiteElo "2433"]
[BlackElo "2461"]
[Annotator "ChessBase"]
[PlyCount "111"]
[EventDate "2019.10.19"]
[EventType "team-tourn"]
[EventCountry "SVK"]
[SourceTitle "playchess.com"]
[Source "ChessBase"]
[SourceQuality "1"]
[WhiteTeam "Modra"]
[BlackTeam "Streda"]
[TimeControl "40/5400+30:1800+30"]

1. e4 e5 2. Nf3 Nc6 3. Bc4 Nf6 4. d3 h6 5. c3 d6 6. Nbd2 g5 7. h3 Bg7 8. Bb3 Ne7 9. Nf1 c6 10. Ne3 g4 11. hxg4 Nxg4 12. Nh4 Nxe3 13. Bxe3 d5 14. Qh5 Be6 15. Nf5 Nxf5 16. exf5 Bd7 17. O-O-O a5 18. a3 Qf6 19. g4 O-O-O 20. d4 e4 21. Bf4 Rde8 22. Rhe1 Rhf8 23. f3 exf3 24. Be5 f2 25. Rf1 Rxe5 26. dxe5 Qxe5 27. Rxf2 Qe3+ 28. Rfd2 Be5 29. Kb1 f6 30. Rd3 Qg5 31. Qxg5 hxg5 32. Rh3 Rf7 33. c4 dxc4 34. Bxc4 Re7 35. Rh8+ Kc7 36. a4 c5 37. b3 Bd4 38. Rf8 Re4 39. Rf7 Kd6 40. Rxf6+ Ke5 41. Rf7 Bc6 42. Re7+ Kf4 43. Rxe4+ Bxe4+ 44. Kc1 Kxg4 45. Rxd4 cxd4 46. f6 Bg6 47. f7 Bxf7 48. Bxf7 Kf3 49. Kd2 Ke4 50. Be6 b6 51. Bd7 Kd5 52. Kd3 Kd6 53. Bc8 Kc5 54. Bd7 Kd6 55. Bb5 Kc5 56. Bd7 1/2-1/2

[Event "SVK Extraliga 2019-20"]
[Site "Slovakia"]
[Date "2019.11.24"]
[Round "4.3"]
[White "Piesik, Piotr"]
[Black "Horvath, Jozsef"]
[Result "1-0"]
[ECO "B12"]
[WhiteElo "2403"]
[BlackElo "2437"]
[Annotator "NA"]
[PlyCount "143"]
[EventDate "2019.10.19"]
[EventType "team-tourn"]
[EventCountry "SVK"]
[SourceTitle "playchess.com"]
[Source "ChessBase"]
[SourceQuality "1"]
[WhiteTeam "Dubnica"]
[BlackTeam "Podhajska"]
[TimeControl "40/5400+30:1800+30"]

1. e4 c6 2. d4 d5 3. e5 Bf5 4. c4 e6 5. Nc3 Ne7 6. a3 Nd7 7. c5 a5 8. Be3 Bg6 9. f4 b6 10. b4 axb4 11. axb4 Rxa1 12. Qxa1 bxc5 13. bxc5 Nxc5 14. dxc5 d4 15. Nb5 dxe3 16. Nd6+ Kd7 17. Ba6 Qb8 18. Bb7 Nd5 19. Qa4 Qc7 20. Qa7 Nb4 21. Nf3 Be7 22. Ke2 Bd3+ 23. Kxe3 Rb8 24. Rd1 f6 25. Bxc6+ Nxc6 26. Qxc7+ Kxc7 27. Rxd3 Nb4 28. Rd2 Nd5+ 29. Ke4 Rb3 30. f5 Re3+ 31. Kd4 fxe5+ 32. Nxe5 Re1 33. Nb5+ Kc8 34. fxe6 Nf4 35. Nd3 Bf6+ 36. Kc4 Re4+ 37. Kb3 Re3 38. Nd6+ Kd8 39. Kc4 Nxd3 40. Rxd3 Rxe6 41. Rd2 Kc7 42. Ra2 Rxd6 43. cxd6+ Kxd6 44. Kd3 h5 45. Ke4 Ke6 46. h3 g6 47. Ra6+ Kf7 48. Kd5 Bc3 49. Re6 Bf6 50. Kd6 Bd4 51. Re4 Bc3 52. Rf4+ Kg7 53. Ke6 Bb2 54. Rf7+ Kg8 55. Rc7 Ba1 56. Rc4 Kg7 57. g4 hxg4 58. Rxg4 Bb2 59. Rb4 Bc3 60. Rb7+ Kg8 61. h4 Be1 62. Kf6 Bxh4+ 63. Kxg6 Kf8 64. Rh7 Bg3 65. Kf6 Ke8 66. Rh3 Bf4 67. Rf3 Bc1 68. Ke6 Bd2 69. Rf2 Be3 70. Re2 Bb6 71. Rb2 Bc7 72. Ra2 1-0

[Event "SVK Extraliga 2019-20"]
[Site "Slovakia"]
[Date "2019.11.24"]
[Round "4.3"]
[White "Manik, Mikulas"]
[Black "Rohacek, Miroslav"]
[Result "1-0"]
[ECO "C87"]
[WhiteElo "2377"]
[BlackElo "2222"]
[Annotator "NA"]
[PlyCount "81"]
[EventDate "2019.10.19"]
[EventType "team-tourn"]
[EventCountry "SVK"]
[SourceTitle "playchess.com"]
[Source "ChessBase"]
[SourceQuality "1"]
[WhiteTeam "Prakovce"]
[BlackTeam "Bratislava"]
[TimeControl "40/5400+30:1800+30"]

1. e4 e5 2. Nf3 Nc6 3. Bb5 a6 4. Ba4 Nf6 5. O-O Be7 6. Re1 d6 7. c3 b5 8. Bb3 Na5 9. Bc2 c5 10. d4 Qc7 11. Nbd2 O-O 12. a4 $11 cxd4 13. cxd4 Bd7 14. Nf1 Rfc8 15. Ne3 Nc6 16. Bb3 Nxd4 17. Nxd4 exd4 18. Qxd4 bxa4 19. Bxa4 Qc5 20. Qd3 Bxa4 21. Rxa4 Qb5 22. Qxb5 axb5 23. Rxa8 Rxa8 24. f3 Nd7 25. Nf5 Kf8 26. Bf4 g6 27. Nxd6 Nc5 28. Rd1 Rd8 29. Rd5 g5 30. Bg3 Ne6 31. Nxb5 Rc8 32. Nc3 Bc5+ 33. Kf1 Bd4 34. Bd6+ Ke8 35. Be5 Be3 36. Rb5 Bc1 37. g3 Nc5 38. Ke2 Nd7 39. Bd4 Ra8 40. Kd1 Ra1 41. Kc2 1-0

[Event "SVK Extraliga 2019-20"]
[Site "Slovakia"]
[Date "2019.11.24"]
[Round "4.4"]
[White "Kostolansky, Sebastian Lukas"]
[Black "Haring, Viktor"]
[Result "1/2-1/2"]
[ECO "B30"]
[WhiteElo "2420"]
[BlackElo "2266"]
[Annotator "NA"]
[PlyCount "76"]
[EventDate "2019.10.19"]
[EventType "team-tourn"]
[EventCountry "SVK"]
[SourceTitle "playchess.com"]
[Source "ChessBase"]
[SourceQuality "1"]
[WhiteTeam "Liptovska"]
[BlackTeam "Liptovska"]
[TimeControl "40/5400+30:1800+30"]

1. e4 c5 2. Nf3 Nc6 3. Bb5 e6 4. O-O Nge7 5. c3 a6 6. Bxc6 Nxc6 7. d4 d5 8. exd5 Qxd5 9. dxc5 Qxd1 10. Rxd1 Bxc5 11. Nbd2 O-O 12. Ne4 Be7 13. Bf4 f6 14. Bd6 Bxd6 15. Rxd6 e5 16. Nc5 Rd8 17. Rad1 Rxd6 18. Rxd6 Kf8 19. Ne1 Ke7 20. Rd2 Na5 21. b3 Bf5 22. f3 Rc8 23. Na4 b5 24. Nb6 Rd8 25. Rxd8 Kxd8 26. b4 Nc6 27. a4 Kc7 28. Nd5+ Kd6 29. Ne3 Bb1 30. axb5 axb5 31. N1c2 Bxc2 32. Nxc2 Ne7 33. Ne3 f5 34. c4 bxc4 35. Nxc4+ Kd5 36. Nb6+ Kc6 37. Nc4 Kd5 38. Nb6+ Kc6 1/2-1/2

[Event "SVK Extraliga 2019-20"]
[Site "Slovakia"]
[Date "2019.11.24"]
[Round "4.4"]
[White "Chovan, Milan"]
[Black "Vojtek, Vladimir"]
[Result "1-0"]
[ECO "C11"]
[WhiteElo "2318"]
[BlackElo "2278"]
[Annotator "NA"]
[PlyCount "129"]
[EventDate "2019.10.19"]
[EventType "team-tourn"]
[EventCountry "SVK"]
[SourceTitle "playchess.com"]
[Source "ChessBase"]
[SourceQuality "1"]
[WhiteTeam "Podhajska"]
[BlackTeam "Dubnica"]
[TimeControl "40/5400+30:1800+30"]

1. d4 e6 2. e4 d5 3. Nc3 Nf6 4. Bg5 dxe4 5. Nxe4 Be7 6. Bxf6 gxf6 7. Nf3 f5 8. Nc3 a6 9. d5 c6 10. dxe6 Qxd1+ 11. Rxd1 Bxe6 12. Nd4 Nd7 13. Bd3 Bf6 14. Nxf5 O-O-O 15. Nd6+ Kc7 16. Nde4 Bd4 17. O-O h6 18. Rfe1 Rhg8 19. Bf1 Ne5 20. Kh1 Bg4 21. Be2 Bxe2 22. Rxe2 f5 23. Red2 c5 24. Nf6 Bxc3 25. bxc3 Rxd2 26. Rxd2 Rf8 27. Nd5+ Kc6 28. Nf4 Nc4 29. Re2 Rf6 30. h4 Nd6 31. f3 Nb5 32. Re3 Na3 33. Re2 Nb5 34. Re3 Na3 35. Nh5 Rd6 36. g4 fxg4 37. fxg4 Nxc2 38. Rg3 Kd7 39. g5 hxg5 40. hxg5 Rg6 41. Nf4 Rg8 42. g6 Ke7 43. Rg5 c4 44. Rf5 Rg7 45. Rc5 Kd6 46. Rd5+ Ke7 47. Rd2 Na3 48. Re2+ Kd6 49. Kh2 Nb5 50. Re3 Na7 51. Kh3 Nc6 52. Re6+ Kd7 53. Kh4 Ne7 54. Rf6 Rg8 55. Kg5 a5 56. Rf7 Kd6 57. Kf6 Re8 58. g7 Ng8+ 59. Kg6 b5 60. Rf8 Kd7 61. Nd5 Re6+ 62. Nf6+ Rxf6+ 63. Rxf6 b4 64. cxb4 axb4 65. Rf4 1-0

[Event "SVK Extraliga 2019-20"]
[Site "Slovakia"]
[Date "2019.11.24"]
[Round "4.4"]
[White "Mosesov, Danylo"]
[Black "Jurcik, Marian"]
[Result "1/2-1/2"]
[ECO "A53"]
[WhiteElo "2286"]
[BlackElo "2486"]
[Annotator "ChessBase"]
[PlyCount "49"]
[EventDate "2019.10.19"]
[EventType "team-tourn"]
[EventCountry "SVK"]
[SourceTitle "playchess.com"]
[Source "ChessBase"]
[SourceQuality "1"]
[WhiteTeam "Košice"]
[BlackTeam "Zilina"]
[TimeControl "40/5400+30:1800+30"]

1. d4 Nf6 2. c4 d6 3. Nc3 e5 4. Nf3 Nbd7 5. e4 g6 6. d5 Bg7 7. h3 Nc5 8. Qc2 a5 9. Be3 Nh5 10. Nd2 O-O 11. g3 f5 12. exf5 Bxf5 13. Nde4 Nxe4 14. Nxe4 Nf6 15. Bd3 Nxe4 16. Bxe4 Qf6 17. Ke2 Rf7 18. f3 c6 19. h4 cxd5 20. cxd5 Qd8 21. Rac1 Rc8 22. Qd3 Rxc1 23. Rxc1 Qd7 24. b3 h5 25. a4 1/2-1/2

[Event "SVK Extraliga 2019-20"]
[Site "Slovakia"]
[Date "2019.11.24"]
[Round "4.4"]
[White "Kralovic, Andrej"]
[Black "Szustakowski, Antoni"]
[Result "1/2-1/2"]
[ECO "B51"]
[WhiteElo "2222"]
[BlackElo "2287"]
[Annotator "NA"]
[PlyCount "88"]
[EventDate "2019.10.19"]
[EventType "team-tourn"]
[EventCountry "SVK"]
[SourceTitle "playchess.com"]
[Source "ChessBase"]
[SourceQuality "1"]
[WhiteTeam "Bratislava"]
[BlackTeam "Prakovce"]
[TimeControl "40/5400+30:1800+30"]

1. e4 c5 2. Nf3 d6 3. Bb5+ Nc6 4. O-O Bd7 5. Re1 Nf6 6. c3 a6 7. Bf1 Bg4 8. h3 Bxf3 9. Qxf3 e6 10. Na3 Be7 11. Nc2 Qb6 $11 12. d3 O-O 13. Rb1 d5 14. Bf4 d4 15. c4 e5 16. Bd2 Qc7 17. a3 b5 18. b4 Rab8 19. Rec1 Qa7 20. g3 Rfd8 21. cxb5 axb5 22. bxc5 Bxc5 23. h4 Be7 24. Bh3 Rb6 25. Nb4 Nxb4 26. axb4 Ra6 27. Be1 Nd7 28. Qd1 Nb6 29. Rc6 Na4 30. Qc1 Qa8 31. Rxa6 Qxa6 32. Qc7 Qd6 33. Qb7 Nc3 34. Rb3 Bf8 35. Kf1 Rb8 36. Qa7 Na4 37. Rb1 Nc3 38. Ra1 Rd8 39. Qb7 Qb8 40. Qa6 Qd6 41. Qb7 Qb8 42. Ra7 Qxb7 43. Rxb7 Bxb4 44. Bd7 Bd6 1/2-1/2

[Event "SVK Extraliga 2019-20"]
[Site "Slovakia"]
[Date "2019.11.24"]
[Round "4.5"]
[White "Petrik, Tomas"]
[Black "Repkova, Eva"]
[Result "0-1"]
[ECO "E06"]
[WhiteElo "2462"]
[BlackElo "2304"]
[Annotator "ChessBase"]
[PlyCount "104"]
[EventDate "2019.10.19"]
[EventType "team-tourn"]
[EventCountry "SVK"]
[SourceTitle "playchess.com"]
[Source "ChessBase"]
[SourceQuality "1"]
[WhiteTeam "Zilina"]
[BlackTeam "Košice"]
[TimeControl "40/5400+30:1800+30"]

1. d4 d5 2. Nf3 Nf6 3. c4 e6 4. g3 Be7 5. Bg2 O-O 6. O-O dxc4 7. Qc2 a6 8. Qxc4 b5 9. Qc2 Bb7 10. Bg5 Nbd7 11. Bxf6 Nxf6 12. Nbd2 Rc8 13. Nb3 Be4 14. Qc3 Nd5 15. Qc6 Qd6 16. Ne5 Bxg2 17. Kxg2 f6 18. Qxd6 cxd6 19. Nd3 Rc4 20. Rfc1 Rfc8 21. Na5 Rc2 22. Kf3 Nb4 23. Nb3 Nxd3 24. exd3 Kf7 25. Rab1 Bd8 26. Rxc2 Rxc2 27. Na1 Rc8 28. Nb3 Bb6 29. d5 Rc2 30. dxe6+ Ke7 31. d4 Kxe6 32. Re1+ Kd5 33. Re7 a5 34. Re2 Rxe2 35. Kxe2 a4 36. Nc1 Kxd4 37. Nd3 Kc4 38. Kd2 b4 39. Kc2 b3+ 40. axb3+ axb3+ 41. Kd2 f5 42. h4 f4 43. gxf4 h5 44. f5 Bd4 45. f3 Bf6 46. Nf4 Bxb2 47. Nxh5 d5 48. f6 gxf6 49. Ng3 Be5 50. Ne2 d4 51. f4 d3 52. fxe5 dxe2 0-1

[Event "SVK Extraliga 2019-20"]
[Site "Slovakia"]
[Date "2019.11.24"]
[Round "4.5"]
[White "Mikrut, Dariusz"]
[Black "Lintner, Igor"]
[Result "1-0"]
[ECO "E15"]
[WhiteElo "2382"]
[BlackElo "2187"]
[Annotator "NA RC"]
[PlyCount "45"]
[EventDate "2019.10.19"]
[EventType "team-tourn"]
[EventCountry "SVK"]
[SourceTitle "playchess.com"]
[Source "ChessBase"]
[SourceQuality "1"]
[WhiteTeam "Prakovce"]
[BlackTeam "Osuske"]
[TimeControl "40/5400+30:1800+30"]

1. d4 Nf6 2. Nf3 e6 3. g3 c5 4. c4 b6 5. Bg2 Bb7 6. d5 exd5 7. Nh4 g6 8. Nc3 Bg7 9. cxd5 d6 10. Qa4+ Qd7 11. Qxd7+ Nbxd7 12. Bf4 Ke7 $16 (12... Ne5 $11) 13. Bxd6+ Kxd6 14. Nb5+ Ke7 15. d6+ Ke6 16. Bxb7 Rab8 17. Bg2 Ne8 18. O-O-O Bh6+ 19. Kb1 Bg5 20. Nf3 Bd8 21. Bh3+ f5 22. e4 Kf6 23. Rhe1 1-0

[Event "SVK Extraliga 2019-20"]
[Site "Slovakia"]
[Date "2019.11.24"]
[Round "4.5"]
[White "Plachetka, Jan"]
[Black "Havlicek, Libor"]
[Result "1/2-1/2"]
[ECO "E11"]
[WhiteElo "2298"]
[BlackElo "2302"]
[Annotator "NA"]
[PlyCount "90"]
[EventDate "2019.10.19"]
[EventType "team-tourn"]
[EventCountry "SVK"]
[SourceTitle "playchess.com"]
[Source "ChessBase"]
[SourceQuality "1"]
[WhiteTeam "Liptovska"]
[BlackTeam "Slovan"]
[TimeControl "40/5400+30:1800+30"]

1. d4 Nf6 2. Nf3 e6 3. c4 Bb4+ 4. Bd2 Be7 5. Nc3 c5 6. d5 exd5 7. cxd5 d6 8. e4 Bg4 9. Be2 O-O 10. O-O Nbd7 11. h3 Bxf3 12. Bxf3 a6 13. a4 c4 14. b4 cxb3 15. Qxb3 Nc5 16. Qb1 Nfd7 17. Be2 Bg5 18. f4 Bf6 19. Ra3 Re8 20. Bf3 Rc8 21. a5 b5 22. Na2 Na4 23. Be1 Rc4 24. Nb4 Qxa5 25. Nc6 Qc7 26. Ba5 Bd4+ 27. Kh1 Bb6 28. Bd2 Bc5 29. Rd3 Nb8 30. e5 Nb6 31. Na5 Rd4 32. Nb3 Rxd3 33. Qxd3 N8d7 34. Ba5 Qc8 35. Bg4 dxe5 36. fxe5 Nxe5 37. Bxc8 Nxd3 38. Bxa6 Rb8 39. Bxb5 Nf2+ 40. Kg1 Nxd5 41. Bc4 Rxb3 42. Bxb3 Ne4+ 43. Kh2 Bd6+ 44. Kg1 Bc5+ 45. Kh2 Bd6+ 1/2-1/2

[Event "SVK Extraliga 2019-20"]
[Site "Slovakia"]
[Date "2019.11.24"]
[Round "4.5"]
[White "Jablonicky, Martin"]
[Black "Csonka, Attila Istvan"]
[Result "0-1"]
[ECO "B22"]
[WhiteElo "2250"]
[BlackElo "2355"]
[Annotator "NA"]
[PlyCount "52"]
[EventDate "2019.10.19"]
[EventType "team-tourn"]
[EventCountry "SVK"]
[SourceTitle "playchess.com"]
[Source "ChessBase"]
[SourceQuality "1"]
[WhiteTeam "Modra"]
[BlackTeam "Streda"]
[TimeControl "40/5400+30:1800+30"]

1. e4 c5 2. c3 Nf6 3. e5 Nd5 4. Bc4 e6 5. d4 cxd4 6. Bxd5 exd5 7. Qxd4 Nc6 8. Qxd5 d6 9. exd6 Bxd6 10. Qe4+ Be6 11. Nf3 Qd7 12. O-O O-O-O 13. Bf4 Bf5 14. Qa4 Bxf4 15. Qxf4 g5 16. Qg3 f6 17. Na3 h5 18. Nd4 h4 19. Qf3 Bg4 20. Qxf6 Rdf8 21. Qg6 h3 22. Nxc6 bxc6 23. Nc4 hxg2 24. Rfe1 Bf3 25. Ne5 Rxh2 26. Nxf3 Rh1+ 0-1

[Event "SVK Extraliga 2019-20"]
[Site "Slovakia"]
[Date "2019.11.24"]
[Round "4.5"]
[White "Veres, Andrej"]
[Black "Jakab, Bela"]
[Result "1/2-1/2"]
[ECO "D15"]
[WhiteElo "2236"]
[BlackElo "2244"]
[Annotator "NA"]
[PlyCount "103"]
[EventDate "2019.10.19"]
[EventType "team-tourn"]
[EventCountry "SVK"]
[SourceTitle "playchess.com"]
[Source "ChessBase"]
[SourceQuality "1"]
[WhiteTeam "Dubnica"]
[BlackTeam "Podhajska"]
[TimeControl "40/5400+30:1800+30"]

1. d4 d5 2. Nf3 Nf6 3. c4 c6 4. Nc3 a6 5. e3 b5 6. b3 e6 7. Bd3 Bb4 8. Bd2 O-O 9. O-O Nbd7 10. Nxd5 Nxd5 11. cxd5 Bxd2 12. dxe6 Bb4 13. exd7 Qxd7 14. Ne5 Qe6 15. Qc2 Bd6 16. f4 Bxe5 17. Bxh7+ Kh8 18. dxe5 g6 19. f5 Qxe5 20. fxg6 f5 21. Qxc6 Ra7 22. Qf3 Re7 23. Rad1 Rfe8 24. Rd4 Kg7 25. Rfd1 Qc5 26. Qd5 Qa7 27. R4d3 Rxe3 28. Qd4+ Qxd4 29. Rxd4 Re2 30. Rd8 Rxd8 31. Rxd8 Be6 32. Re8 b4 33. Bg8 Bc4 34. Rxe2 Bxe2 35. Bc4 Bxc4 36. bxc4 a5 37. c5 a4 38. c6 b3 39. axb3 axb3 40. c7 b2 41. c8=Q b1=Q+ 42. Kf2 Qb2+ 43. Kf3 Qa3+ 44. Kf4 Qd6+ 45. Kxf5 Qxg6+ 46. Ke5 Qxg2 47. Qd7+ Kh6 48. Qe6+ Qg6 49. Qe7 Qg5+ 50. Qxg5+ Kxg5 51. h4+ Kxh4 52. Ke4 1/2-1/2

[Event "SVK Extraliga 2019-20"]
[Site "Slovakia"]
[Date "2019.11.24"]
[Round "4.6"]
[White "Likavsky, Tomas"]
[Black "Bombek, Peter"]
[Result "1-0"]
[ECO "A14"]
[WhiteElo "2423"]
[BlackElo "2151"]
[Annotator "NA"]
[PlyCount "73"]
[EventDate "2019.10.19"]
[EventType "team-tourn"]
[EventCountry "SVK"]
[SourceTitle "playchess.com"]
[Source "ChessBase"]
[SourceQuality "1"]
[WhiteTeam "Podhajska"]
[BlackTeam "Dubnica"]
[TimeControl "40/5400+30:1800+30"]

1. c4 e6 2. Nf3 d5 3. g3 Nf6 4. Bg2 Be7 5. O-O O-O 6. d4 dxc4 7. Qc2 a6 8. a4 Bd7 9. Qxc4 Bc6 10. Bf4 Nbd7 11. Nc3 Nb6 12. Qb3 Nbd5 13. Bd2 Rb8 14. a5 Nb4 15. Rfd1 b6 16. Qc4 bxa5 17. Rxa5 Bxf3 18. Bxf3 c5 19. Rxc5 Bxc5 20. dxc5 Nbd5 21. Bf4 Rb4 22. Qxa6 Qc8 23. Qxc8 Rxc8 24. Nxd5 Nxd5 25. Be5 f6 26. Bxd5 exd5 27. Bd4 Kf7 28. e3 Ra8 29. Bc3 Rc4 30. Rxd5 Ra6 31. Kg2 Ke6 32. Rh5 g6 33. Rxh7 Rxc5 34. h4 g5 35. Bxf6 g4 36. Bd4 Rca5 37. Rg7 1-0